 Dungeon Crawl Stone Soup version 0.27.1-33-g824d729ab1 (webtiles) character file.

Game seed: 9076913074283997497

63 raph the Scratcher (level 3, 0/14 (15) HPs)
             Began as a Felid Transmuter on Dec 21, 2021.
             Was an Initiate of Makhleb.
             Slain by a necrophage (3 damage)
             ... on level 4 of the Dungeon.
             The game lasted 00:06:34 (4182 turns).

raph the Scratcher (Felid Transmuter)               Turns: 4182, Time: 00:06:35

HP:   0/14 (15)     AC:  1    Str:  6    XL:     3   Next: 89%
MP:   16/16         EV: 17    Int: 15    God:    Makhleb [......]
Gold: 82            SH:  0    Dex: 16    Spells: 0/6 levels left
                                        Lives: 0   Deaths: 1

rFire    . . .     SeeInvis +     - Unarmed
rCold    . . .     Faith    .   (shield unavailable)
rNeg     . . .     Spirit   .   (armour unavailable)
rPois    .         Reflect  .   (helmet unavailable)
rElec    .         Harm     .   (cloak unavailable)
rCorr    .         Rampage  .   (gloves unavailable)
Will     .....                  (boots unavailable)
Stlth    +.........             h - amulet of magic regeneration
HPRegen  0.04/turn              c - ring of magical power
MPRegen  0.40/turn              (no ring)

@: appendages, drained, quick
A: horns 2, very small, claws 1, fangs 3, see invisible, speed 1, shaggy fur 1,
stealthy paws, no weapons or thrown items, no armour, multi-lived
a: End Transformation, Renounce Religion


You were on level 4 of the Dungeon.
You worshipped Makhleb.
Makhleb was noncommittal.
You had temporarily grown beastly horns.
You visited 1 branch of the dungeon, and saw 4 of its levels.

You collected 82 gold pieces.

Inventory:

Jewellery
 c - a ring of magical power (left paw)
 h - an amulet of magic regeneration (around neck)
Scrolls
 b - a scroll of fear
 d - 2 scrolls of teleportation
 i - a scroll of magic mapping
Potions
 a - a potion of ambrosia
 e - 2 potions of curing {unknown}
 g - a potion of brilliance {unknown}
 j - a potion of lignification {unknown}


   Skills:
 - Level 1.3 Fighting
 - Level 2.9 Dodging
 * Level 4.0 Unarmed Combat
 + Level 2.1 Spellcasting
 - Level 0.5 Conjurations
 + Level 1.5 Hexes
 * Level 3.6 Transmutations


You couldn't memorise any spells.
You knew the following spells:

 Your Spells              Type           Power      Damage    Failure   Level
a - Beastly Appendage     Tmut           24%        N/A       4%          1
b - Wereblood             Tmut           12%        N/A       8%          2
c - Dazzling Flash        Conj/Hex       8%         N/A       41%         3

Your spell library contained the following spells:

 Spells                   Type           Power      Damage    Failure   Level
 Spider Form              Tmut/Pois      3%         N/A       30%         3
 Ice Form                 Ice/Tmut       7%         N/A       71%         4
 Agony                    Necr           1%         N/A       99%         5
 Silence                  Hex/Air        1%         N/A       99%         5


Dungeon Overview and Level Annotations

Branches:
Dungeon (4/15)             Temple (0/1) D:4

Altars:
Makhleb

Annotations:
D:4 Edmund


Innate Abilities, Weirdness & Mutations

You have temporarily grown beastly horns.
You have sharp claws.
You have razor-sharp teeth.
You have supernaturally acute eyesight. (SInv)
You cover ground quickly. (Speed+)
You are covered in fur. (AC +1)
Your paws help you pounce on unaware monsters.
You are incapable of wielding weapons or throwing items.
You cannot wear armour.
You gain extra lives every three experience levels.


Message History

A necrophage comes into view.
Found a staircase to the Ecumenical Temple.
The hound skeleton barely misses you.
You scratch the hound skeleton.
The hound skeleton is moderately damaged.
The hound skeleton closely misses you.
You scratch the hound skeleton. You headbutt the hound skeleton.
The hound skeleton is heavily damaged.
The hound skeleton bites you.
You scratch the hound skeleton but do no damage.
You bite the hound skeleton.
The hound skeleton is severely damaged.
The hound skeleton bites you.
You barely miss the hound skeleton. You headbutt the hound skeleton.
The hound skeleton is almost destroyed.
The hound skeleton bites you. The necrophage barely misses you.
You scratch the hound skeleton.
The hound skeleton is almost destroyed.
The hound skeleton bites you. The necrophage hits you.
The hound skeleton closely misses you.
You scratch the hound skeleton.
You destroy the hound skeleton!
Makhleb accepts your kill. The necrophage barely misses you.
Your Unarmed Combat skill increases to level 4!
You scratch the necrophage. You bite the necrophage.
The necrophage is moderately damaged.
The necrophage barely misses you.
You scratch the necrophage.
The necrophage is moderately damaged.
The necrophage closely misses you.
You scratch the necrophage.
The necrophage is moderately damaged.
The necrophage barely misses you.
You scratch the necrophage. Your headbutt misses the necrophage.
The necrophage is heavily damaged.
The necrophage hits you.
* * * LOW HITPOINT WARNING * * *
You feel drained.
You die...

#......### .# ........#
..# ........# ..# .
.##.....# ... ..
.##.##### #.# >P. .##.#
#.# .P..
.##.############.##P..P.
.##.............n....#
.###############@##.##
.. ...............
###......!.....
#.####...#### .. .....
## #..### ..# ..#


You could see a necrophage.

Vanquished Creatures
  A hound skeleton (D:4)
  3 adders
  An adder skeleton (D:2)
  A worm (D:2)
  A dart slug (D:3)
  5 ball pythons
  6 bats
  7 endoplasms
  5 goblins
  5 hobgoblins (D:1)
  6 jackals
  8 kobolds
  2 quokkas
  A frilled lizard (D:3)
  7 rats
59 creatures vanquished.

Vanquished Creatures (others)
  3 plants (D:4)
3 creatures vanquished.

Grand Total: 62 creatures vanquished

Notes
Turn   | Place    | Note
-------+----------+-------------------------------------------
     0 | D:1      | raph the Felid Transmuter began the quest for the Orb.
     0 | D:1      | Reached XP level 1. HP: 9/9 MP: 4/4
   486 | D:1      | Reached XP level 2. HP: 10/12 MP: 6/6
   603 | D:1      | Learned a level 2 spell: Wereblood
   919 | D:1      | Found a faded altar of an unknown god.
  1445 | D:2      | Reached XP level 3. HP: 15/15 MP: 7/7
  1585 | D:2      | Found a burning altar of Makhleb.
  1595 | D:2      | Became a worshipper of Makhleb the Destroyer
  2087 | D:2      | Learned a level 3 spell: Dazzling Flash
  2675 | D:3      | Reached XP level 4. HP: 19/19 MP: 8/8
  3234 | D:3      | Reached skill level 1 in Hexes
  4049 | D:4      | Slain by an adder
  4050 | D:4      | Reached XP level 3. HP: -1/15 MP: 16/16
  4149 | D:4      | Noticed Edmund
  4172 | D:4      | Found a staircase to the Ecumenical Temple.
  4172 | D:4      | Noticed a necrophage
  4179 | D:4      | Reached skill level 4 in Unarmed Combat
  4182 | D:4      | Slain by a necrophage

Illustrated notes

Levels and vault maps discovered:
D:1:      dpeg_arrival_tiny_e, layout_loops_cross,
          chequers_ecumenical_altar_island, minmay_heptomino_o4
D:2:      minmay_angry_zag, layout_rooms, basic_altar, minmay_misc_feat_enclosed
D:3:      layout_basic
D:4:      layout_basic, minmay_temple_entry_overgrown,
          gammafunk_ghost_nasty_kobolds, uniq_edmund

Skill      XL: |  1  2  3  4 |
---------------+-------------+-----
Transmutations | 3 |  3.6
Hexes          | 1 |  1.5
Unarmed Combat | 4 |  4.0
Fighting       | |  1.3
Dodging        | |  2.9
Spellcasting   | |  2.1
Conjurations   | |  0.5

Action                   |  1- 3 |  4- 6 || total
-------------------------+-------+-------++-------
Melee: Unarmed           |   121 |    39 ||   160
       Headbutt          |    16 |     1 ||    17
       Bite              |     4 |     1 ||     5
 Cast: Beastly Appendage |    29 |    12 ||    41
       Wereblood         |     1 |     1 ||     2
  Use: Scroll            |     6 |     3 ||     9
       Potion            |     1 |       ||     1
 Stab: Sleeping          |     3 |     2 ||     5
Armor: Skin              |     6 |     1 ||     7
Dodge: Dodged            |   107 |    28 ||   135
